 Dungeon Crawl Stone Soup version 0.28.0 (webtiles) character file.

Game seed: 6182365538418206794

4951 Violens the Basher (level 10, -12/88 HPs)
             Began as a Minotaur Berserker on Feb 6, 2022.
             Was an Elder of Trog.
             Mangled by a spatial maelstrom (14 damage)
             ... on level 1 of the Abyss.
             The game lasted 00:43:38 (6714 turns).

Violens the Basher (Minotaur Berserker)             Turns: 6714, Time: 00:43:39

Health: -12/88     AC: 19    Str: 26    XL:     10   Next: 28%
Magic:  9/9        EV: 11    Int:  4    God:    Trog [****..]
Gold:   299        SH:  0    Dex: 13    Spells: 9/9 levels left

rFire   . . .      SeeInvis .   b - +2 demon whip (venom)
rCold   . . .      Faith    .   (no shield)
rNeg    . . .      Spirit   .   e - +3 chain mail of Kalarhu {Dex+3}
rPois   .          Reflect  .   g - +2 hat
rElec   .          Harm     .   f - +2 cloak {rCorr}
rCorr   +          Rampage  .   (no gloves)
Will    .....                   (no boots)
Stlth   ..........              (no amulet)
HPRegen 0.24/turn               (no ring)
MPRegen 0.11/turn               (no ring)

@: no status effects
A: horns 2, retaliatory headbutt
a: Renounce Religion, Berserk, Trog's Hand, Brothers in Arms


You were on level 1 of the Abyss.
You worshipped Trog.
Trog was greatly pleased with you.
You visited 1 branch of the dungeon, and saw 7 of its levels.
You visited the Abyss 1 time.

You collected 299 gold pieces.

Inventory:

Hand Weapons
 a - a +2 long sword of freezing
 b - a +2 demon whip of venom (weapon)
 c - a +1 antimagic dagger
 n - a +0 war axe
 o - a +3 dagger of venom
Missiles
 d - 14 boomerangs (quivered)
 h - 197 stones
 i - 4 atropa-tipped darts
 j - 5 datura-tipped darts
 q - 6 poisoned darts
 v - 2 boomerangs of dispersal
Armour
 e - the +3 chain mail of Kalarhu (worn) {Dex+3}
   (You took it off a hobgoblin on level 2 of the Dungeon)

   Dex:       It affects your dexterity (+3).
 f - a +2 cloak of preservation (worn)
 g - a +2 hat (worn)
 r - a +2 plate armour
Jewellery
 u - a ring of resist corrosion
Wands
 k - a wand of acid (8)
 w - a wand of iceblast (10)
 x - a wand of digging (6)
 A - a wand of flame (15)
Scrolls
 p - 3 scrolls of teleportation
 s - a scroll of silence
 t - a scroll of blinking
Potions
 l - 2 potions of heal wounds
 m - 4 potions of curing
 z - a potion of might {unknown}
 B - a potion of brilliance {unknown}
Miscellaneous
 y - a box of beasts
 C - a lightning rod (4/4)


   Skills:
 + Level 7.9 Fighting
 * Level 4.9 Long Blades
 - Level 9.0(10.7) Axes
 * Level 9.3(10.9) Maces & Flails
 + Level 7.4 Armour
 + Level 6.9 Dodging


You had 9 spell levels left.
You didn't know any spells.
Your spell library was empty.

Dungeon Overview and Level Annotations

Branches:
Dungeon (7/15)             Temple (0/1) D:6

Altars:
Ashenzari
Elyvilon
Fedhas
Hepliaklqana
Sif Muna
Wu Jian
Beogh

Annotations:
D:7 3 runed translucent doors
Abyss:1 2 runed translucent doors


Innate Abilities, Weirdness & Mutations

You have a pair of horns on your head.
You reflexively headbutt those who attack you in melee.


Message History

The spatial maelstrom hits you. Space warps horribly around you!!
You whack the spatial maelstrom!
The spatial maelstrom is moderately damaged.
Unknown command.
You whack the spatial maelstrom! You headbutt the spatial maelstrom!
The spatial maelstrom is heavily damaged.
The spatial maelstrom hits you!
You blink.
Found a gateway leading deeper into the Abyss.
There is a gateway leading deeper into the Abyss here.
Press: ? - help, . - travel You can't see that place. [the floor.]
The spatial maelstrom hits you. Space warps horribly around you!!
The spatial maelstrom hits you but does no damage.
The wraith hits you.
A spatial vortex comes into view.
You barely miss the spatial vortex. The spatial maelstrom hits you!
* * * LOW HITPOINT WARNING * * *
Space warps around you.
* * * LOW HITPOINT WARNING * * *
The spatial maelstrom hits you but does no damage.
The wraith hits you but does no damage. The spatial vortex misses you.
A spatial vortex comes into view. x2
A bone dragon comes into view.
The spatial maelstrom closely misses you.
The spatial maelstrom hits you.
* * * LOW HITPOINT WARNING * * *
Space warps horribly around you.
* * * LOW HITPOINT WARNING * * *
The spatial maelstrom hits you but does no damage.
The spatial maelstrom hits you.
* * * LOW HITPOINT WARNING * * *
Space warps around you.
* * * LOW HITPOINT WARNING * * *
A spatial vortex comes into view.
The spatial maelstrom hits you.
* * * LOW HITPOINT WARNING * * *
Space warps horribly around you!
You die...

.. ..# .#.#...#. ..
... .. #......
...... #.# #.
#......... .... ..#
.#.. ..#.....#..
#.##D####.#........#
#.#.###..##....#.#.
#.vW..####.*v .#.#
#.v#..#..v.....
#@..#.v#v...### #
#..###.v#.#.> #
...#...#### #.#
..#.###.# #.# # ##
..## ## .#. . .


You could see a bone dragon, a spatial maelstrom, a spatial vortex and a wraith.

Vanquished Creatures
  2 two-headed ogres (D:7)
  A thrashing horror (Abyss:1)
  A cyclops (D:7)
  An unseen horror (D:7)
  2 slime creatures (D:7)
  A wraith (D:7)
  A steam dragon (D:7)
  2 black bears
  2 sky beasts
  An orc warrior (D:6)
  A centaur (D:6)
  A necrophage (D:7)
  3 ogres (D:6)
  2 phantoms
  A kobold brigand (D:7)
  3 bullfrogs
  2 scorpions
  5 wights (D:7)
  A howler monkey (D:6)
  A centaur zombie (D:7)
  An orc priest (D:6)
  2 hounds (D:6)
  A jelly (D:7)
  3 bullfrog skeletons
  2 centaur skeletons (D:7)
  3 iguanas
  4 orc wizards
  Terence (D:3)
  A killer bee zombie (D:7)
  A hound skeleton (D:4)
  A howler monkey zombie (D:7)
  4 gnolls (D:5)
  A howler monkey skeleton (D:6)
  6 adders
  A shadow imp (D:6)
  3 white imps
  An adder skeleton (D:4)
  2 worms (D:3)
  3 dart slugs
  34 orcs
  7 ball pythons
  6 endoplasms
  4 giant cockroaches
  15 hobgoblins
  2 jackals (D:1)
  2 kobolds
  2 quokkas
  5 bats
  4 frilled lizards
  11 goblins
  4 rats
171 creatures vanquished.

Vanquished Creatures (others)
  2 demonic plants (D:1)
  2 plants (D:4)
4 creatures vanquished.

Grand Total: 175 creatures vanquished

Notes
Turn   | Place    | Note
-------+----------+-------------------------------------------
     0 | D:1      | Violens the Minotaur Berserker began the quest for the Orb.
     0 | D:1      | Reached XP level 1. HP: 19/19 MP: 0/0
   562 | D:1      | Reached XP level 2. HP: 27/27 MP: 1/1
   678 | D:1      | Found a faded altar of an unknown god.
   807 | D:1      | Reached XP level 3. HP: 33/33 MP: 2/2
  1116 | D:2      | Identified the +3 chain mail of Kalarhu {Dex+3}
  1252 | D:2      | Reached ** piety under Trog
  2065 | D:3      | Noticed Terence
  2067 | D:3      | Reached XP level 4. HP: 29/41 MP: 3/3
  2071 | D:3      | Reached skill level 1 in Maces & Flails
  2075 | D:3      | Killed Terence
  2345 | D:3      | Reached XP level 5. HP: 45/47 MP: 4/4
  2534 | D:3      | Reached *** piety under Trog
  2742 | D:4      | Found a white marble altar of Elyvilon.
  2850 | D:4      | Noticed a phantom
  2873 | D:4      | Killed a phantom
  2874 | D:4      | Reached skill level 5 in Axes
  2921 | D:4      | Noticed a sky beast
  2930 | D:4      | Killed a sky beast
  2931 | D:4      | Reached skill level 5 in Fighting
  2931 | D:4      | Reached XP level 6. HP: 47/56 MP: 5/5
  3531 | D:5      | Entered Level 5 of the Dungeon
  3631 | D:5      | Found a broken altar of Ashenzari.
  3895 | D:5      | Found a shimmering blue altar of Sif Muna.
  3942 | D:5      | Reached XP level 7. HP: 61/61 MP: 6/6
  3945 | D:5      | Found a blossoming altar of Fedhas.
  3946 | D:5      | Found a hazy altar of Hepliaklqana.
  4767 | D:6      | Found a staircase to the Ecumenical Temple.
  4832 | D:6      | Reached skill level 5 in Maces & Flails
  4832 | D:6      | Reached skill level 5 in Armour
  4906 | D:6      | Reached XP level 8. HP: 70/70 MP: 7/7
  4967 | D:6      | Found an ornate altar of the Wu Jian Council.
  5052 | D:6      | Found a runed translucent door.
  5158 | D:6      | Reached skill level 5 in Dodging
  5180 | D:6      | Reached **** piety under Trog
  5571 | D:7      | Found a large runed translucent door.
  5575 | D:7      | Found a large runed translucent door.
  5580 | D:7      | Noticed a two-headed ogre
  5590 | D:7      | Killed a two-headed ogre
  5591 | D:7      | Reached XP level 9. HP: 78/78 MP: 8/8
  5593 | D:7      | Found a large runed translucent door.
  5593 | D:7      | Found a large runed translucent door.
  5605 | D:7      | Killed an unseen horror
  5664 | D:7      | Reached skill level 1 in Long Blades
  6163 | D:7      | Found a runed translucent door.
  6164 | D:7      | Noticed a four-headed hydra
  6164 | D:7      | Noticed a green ugly thing
  6165 | D:7      | Noticed a tengu conjurer
  6166 | D:7      | Found a runed translucent door.
  6166 | D:7      | Found a runed translucent door.
  6299 | D:7      | Noticed a two-headed ogre
  6309 | D:7      | Killed a two-headed ogre
  6310 | D:7      | Reached XP level 10. HP: 52/88 MP: 9/9
  6467 | D:7      | Noticed a cyclops
  6474 | D:7      | Killed a cyclops
  6488 | D:7      | Cast into level 1 of the Abyss (gnoll sergeant)
  6488 | Abyss:1  | Found a runed translucent door.
  6488 | Abyss:1  | Found a runed translucent door.
  6559 | Abyss:1  | Noticed a thrashing horror
  6570 | Abyss:1  | Killed a thrashing horror
  6692 | Abyss:1  | Noticed a spatial maelstrom
  6710 | Abyss:1  | Noticed a bone dragon
  6714 | Abyss:1  | HP: 2/88 [spatial maelstrom (5)]
  6714 | Abyss:1  | Mangled by a spatial maelstrom

Illustrated notes

Levels and vault maps discovered:
D:1:      wander_arrival_chamber, layout_rooms,
          dreamdust_ecumenical_altar_sealed_demon
D:2:      layout_basic, minmay_fractal_squares_5
D:3:      layout_rooms, minmay_surrounded, uniq_terence
D:4:      layout_loops_ring, nicolae_elyvilon_temple_path,
          corexii_leaking_fountain
D:5:      layout_basic, nicolae_ashenzari_panopticon,
          mainiacjoe_overflow_catch_the_wave, nicolae_sif_muna_condensation
D:6:      layout_rooms, mainiacjoe_overflow_concentric_impassable,
          temple_pool_b, lightli_church_of_beogh
D:7:      minmay_the_grid_four_pointed_star
          [minmay_the_grid_triangle_9x9_zippers_vertical,
          minmay_the_grid_triangle_9x9_steps,
          minmay_the_grid_triangle_9x9_fully_insulated_deathbox,
          minmay_the_grid_triangle_9x9_negative_grid,
          minmay_the_grid_prize_four_corners_diamond_a], layout_rooms,
          minmay_hollow_rounded_squares
Abyss:1:  base:
D:5

Skill      XL: |  1  2  3  4  5  6  7  8  9 |
---------------+----------------------------+-----
Fighting       | 4 5 6 7 |  7.9
Axes           | 4 5 6 8 9 |  9.0
Armour         | 3 4 5 6 7 |  7.4
Dodging        | 3 4 5 6 |  6.9
Maces & Flails | 1 3 5 7 9 |  9.3
Long Blades    | 4 |  4.9

Action                   |  1- 3 |  4- 6 |  7- 9 | 10-12 || total
-------------------------+-------+-------+-------+-------++-------
Melee: Hand axe          |    67 |     3 |       |       ||    70
       Headbutt          |    12 |    17 |    40 |     8 ||    77
       Demon whip        |    11 |    98 |   204 |    29 ||   342
       Punch             |       |     1 |       |     1 ||     2
       Long sword        |       |       |     5 |       ||     5
Throw: Stone             |       |     4 |       |       ||     4
       Boomerang         |       |       |     1 |       ||     1
Invok: Berserk           |     2 |       |     3 |       ||     5
       Trog's Hand       |       |       |     2 |     1 ||     3
  Use: Scroll            |     5 |     4 |     6 |       ||    15
Armor: Animal skin       |     2 |       |       |       ||     2
       Chain mail        |     8 |    42 |   102 |    19 ||   171
Dodge: Dodged            |    43 |    28 |    80 |    15 ||   166
